AoeStats
← EMERCATORM

Arena

506250647Analyzed
1v1 RM · 20d ago on Sep 12, 2026· 25m 9s· 2 players
Game mode
Random Map
Map size
Tiny (2 player)
Population
200
Speed
Normal
Resources
Standard
Victory
Conquest
Starting age
Dark Age
Ending age
Imperial Age
RankedLock teamsTeams togetherTeam positionsShared explorationLock speedFull tech treeHidden civsTurbo modeCheats
Victory
Defeat
🇨🇦 Bengalis · Canada
889
+14
🇨🇱 Vikings · Chile
854
-38
Kwasnica
9:45 Feudal Age
10:59 Loom
15:11 Castle Age
18:13 Double-Bit Axe
22:12 Wheelbarrow
23:12 Gold Mining
24:14 Horse Collar
24:45 Bow Saw
EMERCATORM
10:45 Feudal Age
10:09 Loom
11:13 Double-Bit Axe
11:11 Horse Collar
15:15 Gold Mining
15:16 Stone Mining
25:24 Castle Age
Connection lost

Rejoining the realm…

Still unreachable

The connection could not be restored.

Session expired

The server has moved on; the page needs a fresh start.